 Dungeon Crawl Stone Soup version 0.31-a0-232-gb1c03b2570 (webtiles) character file.

Game seed: 9229573983766062085

64 qw the Shooter (level 4, 0/26 HPs)
             Began as a Gargoyle Hexslinger on July 7, 2023.
             Slain by an orc
             ... wielding a +0 mace
              (1 damage)
             ... on level 3 of the Dungeon.
             The game lasted 00:00:31 (1739 turns).

qw the Shooter (Gargoyle Hexslinger)                Turns: 1739, Time: 00:00:32

Health: 0/26       AC:  6    Str: 11    XL:     4   Next: 12%
Magic:  5/5        EV: 11    Int: 14    God:
Gold:   143        SH:  0    Dex: 14    Spells: 4/5 levels left

rFire   . . .        Y - +1 sling
rCold   . . .        (no shield)
rNeg    + . .        k - +0 leather armour
rPois   inf          (no helmet)
rElec   +            (no cloak)
rCorr   .            (no gloves)
SInv    .            (no boots)
Will    .....        (no amulet)
Stlth   +            (no ring)
HPRegen 0.24/turn    (no ring)
MPRegen 0.09/turn

%: no passive effects
@: no status effects
A: sickness immunity, AC +3, negative energy resistance 1, electricity
resistance, torment resistance 1, petrification resistance
a: no special abilities


You were on level 3 of the Dungeon.
You visited 1 branch of the dungeon, and saw 3 of its levels.

You collected 143 gold pieces.


Innate Abilities, Weirdness & Mutations

You are immune to sickness and miasma.
Your stone body is resilient. (AC +3)
You are immune to poison.
You resist negative energy. (rN+)
You are resistant to electric shocks. (rElec)
You are resistant to unholy torment.
You are immune to petrification.


   Skills:
 - Level 2.0 Fighting
 + Level 3.9 Ranged Weapons
 - Level 1.5 Dodging
 - Level 1.0 Spellcasting
 - Level 2.6 Hexes


You had 4 spell levels left.
You knew the following spells:

 Your Spells              Type           Power      Damage    Failure   Level
a - Slow                  Hex            32%        N/A       12%         1

Your spell library contained the following spells:

 Spells                   Type           Power      Damage    Failure   Level
 Inner Flame              Hex/Fire       4%         N/A       52%         3
 Portal Projectile        Hex/Tloc       8%         N/A       52%         3
 Cause Fear               Hex            4%         N/A       75%         4

Inventory:

Hand Weapons
 Y - a +1 sling (weapon)
Armour
 k - a +0 leather armour (worn)
Jewellery
 a - a ring of ice
Potions
 b - a potion of berserk rage {unknown}
 c - a potion of attraction {unknown}
 d - a potion of haste {unknown}
 e - a potion of magic {unknown}
 f - a potion of lignification {unknown}
 i - a potion of ambrosia {unknown}

Dungeon Overview and Level Annotations

Branches:
Dungeon (3/15)

Altars:


Message History

You shoot a sling bullet.
The sling bullet closely misses the orc.
The orc misses you.
A bat comes into view.
You shoot a sling bullet.
The sling bullet hits the orc but does no damage.
The orc completely misses you.
You shoot a sling bullet. The sling bullet hits the orc.
The orc is heavily wounded.
The orc hits you with a +0 mace.
You shoot a sling bullet.
The sling bullet hits the orc but does no damage.
The orc is heavily wounded.
The orc barely misses you. x2
You shoot a sling bullet.
The sling bullet hits the orc but does no damage.
The orc is heavily wounded.
The orc hits you with a +0 mace.
You shoot a sling bullet.
The sling bullet hits the orc but does no damage.
The orc is heavily wounded.
The orc hits you but does no damage.
You shoot a sling bullet. The sling bullet barely misses the orc.
The sling bullet misses the bat.
The orc barely misses you.
You shoot a sling bullet.
The sling bullet hits the orc but does no damage.
The orc is heavily wounded.
The orc hits you with a +0 mace. The orc hits you but does no damage.
You shoot a sling bullet.
The sling bullet hits the orc but does no damage.
The orc is heavily wounded.
The orc hits you with a +0 mace.
You shoot a sling bullet. The sling bullet barely misses the orc.
The sling bullet misses the bat.
The orc hits you with a +0 mace.
You shoot a sling bullet. The sling bullet hits the orc.
The orc is heavily wounded.
The orc barely misses you. The orc hits you with a +0 mace.
You die... ...##################### ..?..bo@................ ...#####################

You could see an orc and a bat.

Vanquished Creatures
  3 adders
  A dart slug (D:1)
  3 bats
  A giant cockroach (D:3)
  2 goblins (D:3)
  2 hobgoblins
  3 jackals (D:2)
  5 quokkas
  5 ball pythons (D:2)
  3 frilled lizards
  4 kobolds
  5 rats
37 creatures vanquished.

Notes
Turn   | Place    | Note
-------+----------+-------------------------------------------
     0 | D:1      | qw the Gargoyle Hexslinger began the quest for the Orb.
     0 | D:1      | Reached XP level 1. HP: 12/12 MP: 2/2
     0 | D:1      | 0 ||| qw: Version: 0.3-a-46-gb1f654a
     0 | D:1      | 0 ||| qw: Game counter: 2566
     0 | D:1      | 0 ||| qw: Melee chars always use a shield: true
     0 | D:1      | 0 ||| qw: God list: Okawaru
     0 | D:1      | 0 ||| qw: Allow faded altars: false
     0 | D:1      | 0 ||| qw: Do Orc after clearing Dungeon:15 true
     0 | D:1      | 0 ||| qw: Do second Lair branch before Depths: true
     0 | D:1      | 0 ||| qw: Lair rune preference: random
     0 | D:1      | 0 ||| qw: Goals: Normal
     0 | D:1      | 0 ||| PLANNING D:1-11
   227 | D:1      | Reached XP level 2. HP: 16/16 MP: 3/3
   454 | D:1      | Reached skill level 3 in Ranged Weapons
   627 | D:1      | 627 ||| UPGRADING to +0 leather armour.
   637 | D:1      | 637 ||| DROPPING +0 robe.
   638 | D:1      | 638 ||| READING scroll labelled JOISCH LISH.
   639 | D:1      | 639 ||| READING scroll labelled BIANGELLIO.
   640 | D:1      | 640 ||| READING scroll labelled KOQUQ FUACEUPRO.
   641 | D:1      | 641 ||| READING scroll labelled ZESONI IJOOSY.
   642 | D:1      | 642 ||| DROPPING scroll of poison.
   701 | D:2      | Reached XP level 3. HP: 11/21 MP: 4/4
  1079 | D:2      | Found a faded altar of an unknown god.
  1530 | D:2      | 1530 ||| READING scroll labelled BULLIMUALI.
  1713 | D:3      | Reached XP level 4. HP: 23/26 MP: 5/5
  1733 | D:3      | HP: 5/26 [orc/+0 mace (2)]
  1738 | D:3      | HP: 1/26 [orc/+0 mace (3)]
  1739 | D:3      | Slain by an orc

Levels and vault maps discovered:
D:1:      wander_arrival_peaceful_grave, layout_basic, hangedman_decor_push
D:2:      layout_loops_corners, basic_ecumenical_altar
D:3:      layout_basic

Skill      XL: |  1  2 |
---------------+-------+-----
Ranged Weapons | 3 |  3.9
Fighting       | 2 |  2.0
Dodging        | |  1.5
Spellcasting   | |  1.0
Hexes          | |  2.6

Action                     |  1- 3 |  4- 6 || total
---------------------------+-------+-------++-------
   Fire: Sling             |   102 |    24 ||   126
    Use: Scroll            |     5 |       ||     5
 Armour: Robe              |     7 |       ||     7
         Leather armour    |    10 |     3 ||    13
  Dodge: Dodged            |    24 |    10 ||    34

Table legend:
 A = Non-vault XP
 B = Vault XP
 C = Vault XP percentage of total XP
 D = Non-vault monster count
 E = Vault monster count
 F = Vault count percentage of total count
                 A         B        C        D         E       F
            +---------+---------+-------+---------+---------+-------
      Total |      92 |       0 |   0.0 |      37 |       0 |   0.0
            +---------+---------+-------+---------+---------+-------
        D:1 |      20 |       0 |   0.0 |      13 |       0 |   0.0
        D:2 |      51 |       0 |   0.0 |      19 |       0 |   0.0
        D:3 |      21 |       0 |   0.0 |       5 |       0 |   0.0
            +---------+---------+-------+---------+---------+-------
